 Dungeon Crawl Stone Soup version 0.31-a0-1616-gbeaec30b81 (webtiles) character file.

Game seed: 9435654547537401057

86 BeingJoeMalik the Conjurer (level 4, 0/24 HPs)
             Began as a Tengu Hedge Wizard on Jan 11, 2024.
             Slain by Ijyb
             ... wielding a +0 club
              (6 damage)
             ... on level 4 of the Dungeon.
             The game lasted 00:07:53 (2495 turns).

BeingJoeMalik the Conjurer (Tengu Hedge Wizard)     Turns: 2495, Time: 00:07:54

Health: 0/24       AC:  2    Str: 11    XL:     4   Next: 50%
Magic:  5/9        EV: 17    Int: 16    God:
Gold:   162        SH:  0    Dex: 13    Spells: 2/9 levels left

rFire   . . .        j - +0 quarterstaff
rCold   . . .        (shield currently unavailable)
rNeg    . . .        b - +0 robe
rPois   .            c - +0 hat
rElec   .            (no cloak)
rCorr   .            (no gloves)
SInv    .            (boots unavailable)
Will    +....        (no amulet)
Stlth   ++           h - +5 ring of evasion
HPRegen 0.24/turn    (no ring)
MPRegen 0.11/turn

%: acrobat
@: enlightened, flying
A: beak, talons 3, acrobatic
a: no special abilities


You were on level 4 of the Dungeon.
You visited 1 branch of the dungeon, and saw 4 of its levels.

You collected 162 gold pieces.

Inventory:

Hand Weapons
 a - a +0 dagger
 j - a +0 quarterstaff (weapon)
Armour
 b - a +0 robe (worn)
 c - a +0 hat (worn)
Jewellery
 h - a +5 ring of evasion (left hand)
Scrolls
 m - a scroll of enchant armour {unknown}
 p - a scroll of teleportation {unknown}
Potions
 l - a potion of brilliance {unknown}
 n - a potion of enlightenment
 o - 2 potions of haste {unknown}


   Skills:
 - Level 2.1 Dodging
 - Level 2.0 Stealth
 + Level 3.1 Spellcasting
 + Level 4.9 Conjurations
 + Level 1.9 Summonings
 - Level 0.7 Translocations
 * Level 0.7 Air Magic


You had 2 spell levels left.
You knew the following spells:

 Your Spells              Type           Power      Damage    Failure   Level
a - Magic Dart            Conj           72%        1d6       2%          1
b - Call Imp              Summ           16%        N/A       12%         2
c - Mephitic Cloud        Conj/Alch/Air  8%         N/A       26%         3
d - Necrotise             Necr           8%         1d4       19%         1

Your spell library contained the following spells:

 Spells                   Type           Power      Damage    Failure   Level
 Slow                     Hex            8%         N/A       19%         1
 Blink                    Tloc           8%         N/A       21%         2
 Cigotuvi's Dreadful Rot  Necr/Alch/Air  6%         N/A       26%         2
 Sublimation of Blood     Necr           2%         N/A       28%         2
 Vampiric Draining        Necr           2%         2d6       50%         3
 Martyr's Knell           Necr/Summ      5%         N/A       77%         4
 Curse of Agony           Necr           2%         N/A       99%         5
 Summon Hydra             Summ           4%         N/A       100%        7


Dungeon Overview and Level Annotations

Branches:
Dungeon (4/15)             Temple (0/1) D:4

Altars:

Annotations:
D:3 Sigmund
D:4 Ijyb


Innate Abilities, Weirdness & Mutations

You have a beak for a mouth.
You have claws for feet.
You can magically evade attacks while moving or waiting.


Message History

Aim: Ijyb, wielding a +0 club, wearing a +4 ring mail of poison resistance and carrying a wand of flame (lightly wounded, ally target, 100% to hit)
The magic dart hits Ijyb but does no damage.
Ijyb is lightly wounded.
Your cerulean imp hits Ijyb but does no damage.
Ijyb barely misses you.
Casting: Magic Dart (safe; 2% risk of failure)
Confirm with . or Enter, or press ? or * to list all spells.
Aiming: Magic Dart (safe; 2% risk of failure)
Press: ? - help, Shift-Dir - straight line, f/p - Ijyb
Aim: Ijyb, wielding a +0 club, wearing a +4 ring mail of poison resistance and carrying a wand of flame (lightly wounded, ally target, 100% to hit)
The magic dart hits Ijyb but does no damage.
Ijyb is lightly wounded.
Your cerulean imp hits Ijyb but does no damage.
Ijyb completely misses you.
Casting: Magic Dart (safe; 2% risk of failure)
Confirm with . or Enter, or press ? or * to list all spells.
Aiming: Magic Dart (safe; 2% risk of failure)
Press: ? - help, Shift-Dir - straight line, f/p - Ijyb
Aim: Ijyb, wielding a +0 club, wearing a +4 ring mail of poison resistance and carrying a wand of flame (lightly wounded, ally target, 100% to hit)
The magic dart hits Ijyb but does no damage.
Ijyb is lightly wounded.
Your cerulean imp hits Ijyb but does no damage.
Ijyb hits you with a +0 club.
Casting: Magic Dart (safe; 2% risk of failure)
Confirm with . or Enter, or press ? or * to list all spells.
Aiming: Magic Dart (safe; 2% risk of failure)
Press: ? - help, Shift-Dir - straight line, f/p - Ijyb
Aim: Ijyb, wielding a +0 club, wearing a +4 ring mail of poison resistance and carrying a wand of flame (lightly wounded, ally target, 100% to hit)
The magic dart hits Ijyb but does no damage.
Ijyb is lightly wounded.
Your cerulean imp closely misses Ijyb.
Ijyb zaps a wand.
The puff of flame hits you!
* * * LOW HITPOINT WARNING * * *
Unknown command.
Your cerulean imp barely misses Ijyb.
It was a potion of enlightenment.
You feel very buoyant.
You fly up into the air.
Your cerulean imp barely misses Ijyb.
Ijyb hits you with a +0 club.
You die...

,,,,**#.........#.####
,,*,,,......)...#.####
*,****..........#.####
*,,***.#####......####
,,,,,,,* #.....##
,,,,,,,**#######.#
,,,,**,,,.......†#
,,,,****,........#
,,,,,* **.......@#
,,,,,****.......g#
****,,,**......5.#######
***,**#######.......#
*,***** *#..>....#
*,,,,,****........#
*****,,,,..$.######
*****,.##..#
*,,,,..,...#


You could see Ijyb (ally target) and a friendly cerulean imp (summoned).

Vanquished Creatures
  3 adders (D:2)
  A gnoll (D:2)
  A dart slug (D:1)
  4 ball pythons
  3 bats (D:1)
  6 endoplasms
  3 giant cockroaches (D:1)
  3 goblins
  3 hobgoblins
  4 jackals (D:2)
  A quokka (D:2)
  A frilled lizard (D:1)
  4 kobolds
  7 rats
44 creatures vanquished.

Vanquished Creatures (collateral kills)
  A kobold (D:1)
1 creature vanquished.

Grand Total: 45 creatures vanquished

Notes
Turn   | Place    | Note
-------+----------+-------------------------------------------
     0 | D:1      | BeingJoeMalik the Tengu Hedge Wizard began the quest for
                  | the Orb.
     0 | D:1      | Reached XP level 1. HP: 10/10 MP: 5/5
    97 | D:1      | Reached skill level 2 in Conjurations
   263 | D:1      | Reached XP level 2. HP: 15/15 MP: 4/7
   266 | D:1      | Learned a level 2 spell: Call Imp
   467 | D:1      | Reached skill level 3 in Conjurations
  1198 | D:1      | Reached XP level 3. HP: 19/19 MP: 6/8
  1355 | D:1      | Reached skill level 4 in Conjurations
  1682 | D:2      | Learned a level 3 spell: Mephitic Cloud
  1720 | D:2      | Reached XP level 4. HP: 24/24 MP: 3/9
  2229 | D:2      | Learned a level 1 spell: Necrotise
  2311 | D:3      | Noticed Sigmund
  2463 | D:4      | Noticed Ijyb
  2495 | D:4      | Slain by Ijyb

Illustrated notes

Levels and vault maps discovered:
D:1:      tarquinn_simple_flora_water_c, layout_loops_corners, hex_medium,
          serial_bayou_pond_c
D:2:      layout_rooms
D:3:      layout_basic, gammafunk_ghost_arena, uniq_robin, uniq_sigmund
D:4:      layout_rooms, minmay_temple_entry_grid, uniq_crazy_yiuf_cottage,
          uniq_pikel, uniq_ijyb

Skill      XL: |  1  2  3 |
---------------+----------+-----
Conjurations   | 2 3 4 |  4.9
Dodging        | |  2.1
Stealth        | |  2.0
Spellcasting   | |  3.1
Summonings     | |  1.9
Translocations | |  0.7
Air Magic      | |  0.7

Action                     |  1- 3 |  4- 6 || total
---------------------------+-------+-------++-------
  Melee: Dagger            |     9 |       ||     9
         Kick              |     4 |       ||     4
         Quarterstaff      |     4 |     6 ||    10
   Cast: Magic Dart        |    76 |    31 ||   107
         Call Imp          |     4 |     4 ||     8
    Use: Scroll            |       |     5 ||     5
         Potion            |       |     2 ||     2
 Armour: Robe              |     9 |    11 ||    20
  Dodge: Dodged            |    25 |    21 ||    46

Table legend: (Time is in decaauts)
 A = Elapsed time spent in this place.
 B = Non-inter-level travel time spent in this place.
 C = Inter-level travel time spent in this place.
 D = Time resting spent in this place.
 E = Time spent auto-exploring this place.
 F = Levels seen in this place.
 G = Mean time per level.
                   A        B        C        D        E       F      G
               +--------+--------+--------+--------+--------+-----+--------+
         Total |   2498 |   2407 |     91 |    660 |   1418 |   4 |  624.5 |
       Dungeon |   2498 |   2407 |     91 |    660 |   1418 |   4 |  624.5 |
               +--------+--------+--------+--------+--------+-----+--------+

Top non-repeatable levels by time:
     D:1: 1513 daAuts
     D:2: 825 daAuts
     D:4: 146 daAuts
     D:3: 12 daAuts
